cohdb
Replays
Latest Replays
All Replays
Popular Replays
Top Player Replays
Match Explorer
How It Works
Community
CoH3 Stats
Reddit
Sign in to upload your games and track your stats! →
Sign in with Steam
Match 41298165
Unlisted
Match 41298165
Overview
Messages
Build Orders
End
Selects Italian Coastal Battlegroup
Selects Coastal Reserves
Coastal Reserve
Construct Infanterie Kompanie
MG 42 Machine Gun Team
Coastal Reserve
GrW 34 Mortar Team
Construct Luftwaffe Kompanie
Selects Artillery Officer
Artillery Officer
Medical Bunker
Construct Panzer Kompanie
MG 42 Bunker
Repair Bunker
Sturmpanzer IV Brummbär
Panzer Officer Quarters
Selects Obice da 210/22 Artillery Emplacement
Side Skirts
Selects Designate Defensive Line
Selects Rapid Fortifications
Designate Defensive Line
Particycles
banksss33
Milliam
Tenal Jan
Empire
Darkness
Redwarx
T
0
0
Comments
sign in to comment!
No comments posted yet!